 Dungeon Crawl Stone Soup version 0.30.1-4-g462c640d31 (webtiles) character file.

Game seed: 11405827471434956057

1214 Kurtz the Cleaver (level 8, -3/46 HPs)
             Began as a Tengu Fighter on Sept 15, 2023.
             Was a Follower of Uskayaw.
             Killed from afar by Dowan (9 damage)
             ... with a puff of flame
             ... on level 6 of the Dungeon.
             The game lasted 00:06:36 (4932 turns).

Kurtz the Cleaver (Tengu Fighter)                   Turns: 4932, Time: 00:06:36

Health: -3/46      AC:  0    Str: 18    XL:     8   Next: 46%
Magic:  9/9        EV: 10    Int: 10    God:    Uskayaw [*.....]
Gold:   242        SH:  5    Dex: 13    Spells: 7/7 levels left

rFire   . . .        a - +0 war axe
rCold   . . .        c - +0 buckler
rNeg    . . .        b - +0 scale mail
rPois   .            (helmet restricted)
rElec   .            (no cloak)
rCorr   .            (no gloves)
SInv    .            (boots unavailable)
Will    .....        (no amulet) Stlth
                     (no ring)
HPRegen 0.27/turn    (no ring)
MPRegen 0.11/turn

%: no passive effects
@: corroded, flying quickly and evasively, studying Unarmed Combat, quick
A: beak, talons 3, nimble flight
a: Renounce Religion, Stomp


You were on level 6 of the Dungeon.
You worshipped Uskayaw.
Uskayaw was noncommittal.
You visited 2 branches of the dungeon, and saw 7 of its levels.

You collected 375 gold pieces.
You spent 133 gold pieces at shops.

Inventory:

Hand Weapons
 a - a +0 war axe (weapon)
Missiles
 u - 15 poisoned darts (quivered)
 v - 2 boomerangs
Armour
 b - a +0 scale mail (worn)
 c - a +0 buckler (worn)
Wands
 s - a wand of charming (12)
 y - a wand of flame (13)
Scrolls
 e - 5 scrolls of identify {unknown}
 f - 2 scrolls of immolation {unknown}
 h - 2 scrolls of amnesia
 j - 4 scrolls of fear {unknown}
 k - 3 scrolls of poison {unknown}
 m - 3 scrolls of teleportation
 q - 2 scrolls of enchant weapon {unknown}
 t - a scroll of magic mapping {unknown}
 w - 2 scrolls of enchant armour {unknown}
Potions
 d - a potion of might
 g - a potion of magic {unknown}
 i - a potion of mutation {unknown}
 l - a potion of haste
 n - 4 potions of curing
 o - 3 potions of heal wounds
 p - a potion of brilliance {unknown}
 r - a potion of berserk rage {unknown}
 x - a potion of ambrosia {unknown}
 z - a potion of flight {unknown}
 A - a potion of degeneration


   Skills:
 - Level 3.0 Fighting
 * Level 9.3 Axes
 * Level 5.6 Armour
 + Level 4.1 Shields
 * Level 1.2 Invocations


You had 7 spell levels left.
You didn't know any spells.
Your spell library contained the following spells:

 Spells                   Type           Power      Damage    Failure   Level
 Apportation              Tloc           0%         N/A       80%         1
 Necrotise                Necr           0%         1d4       80%         1
 Summon Small Mammal      Summ           0%         N/A       80%         1
 Ozocubu's Armour         Ice            0%         N/A       99%         3
 Metabolic Englaciation   Hex/Ice        0%         N/A       100%        5
 Simulacrum               Ice/Necr       0%         N/A       100%        6


Dungeon Overview and Level Annotations

Branches:
Dungeon (6/15)             Temple (1/1) D:4

Altars:
Ashenzari
Cheibriados
Dithmenos
Fedhas
Hepliaklqana
Kikubaaqudgha
Makhleb
Okawaru
Qazlal
Ru
Sif Muna
Trog
Uskayaw
Vehumet
Wu Jian
Xom
Yredelemnul
Zin
The Shining One

Shops:
D:3 *   D:4 (!

Annotations:
D:6 Dowan, Duvessa


Innate Abilities, Weirdness & Mutations

You have a beak for a mouth.
You have claws for feet.
Your magical nature lets you fly swiftly and evasively.


Message History

The jelly quivers.
You slash the jelly!
Your hands burn!
The jelly is moderately wounded.
The jelly hits you but does no damage.
You slash the jelly!
Your hands burn!
The jelly is severely wounded.
The jelly hits you. The acid corrodes you!
You are splashed with acid!
You can now pass through a line of other dancers.
You are too injured to fight recklessly!
You are too injured to fight recklessly!
You barely miss the jelly. You claw the jelly.
The jelly is severely wounded.
The jelly closely misses you.
You hit the jelly.
Your hands burn!
You peck the jelly.
The jelly is severely wounded.
The jelly hits you but does no damage.
You hit the jelly. The acid corrodes you!
Your hands burn!
* * * LOW HITPOINT WARNING * * *
You claw the jelly, but do no damage.
The jelly is almost dead.
The jelly closely misses you. The jelly hits you.
* * * LOW HITPOINT WARNING * * *
You are splashed with acid!
* * * LOW HITPOINT WARNING * * *
Found a book of Minor Magic.
You can no longer pass through a line of other dancers.
Aiming: Throw Flame
Press: ? - help, Shift-Dir - straight line, f - jelly
Aim: a jelly (almost dead, 100% to hit)
The puff of flame hits the jelly.
The jelly is almost dead.
Dowan, Brother of Duvessa comes into view.
He is wielding a +0 dagger.
Found 5 gold pieces.
Dowan shouts!
Dowan says, "Magic and the sword, together, will defeat you."
Duvessa, Sister of Dowan comes into view.
She is wielding a +0 rapier.
Duvessa shouts!
Dowan gestures at you while chanting. The puff of flame hits you!
You die...

.......... .............
....... #............
#..$e.... ...........#
#........ ...........#
#...e.... ...........#
#........ ...........#
#........
...........#######........
...†............@.........
####'####....#####.:......
...)(# ##.#.# #J.......
###### #.#.# #........ #
#.#.#####........ #
#..........###..# #
###.######.###..### # #.#
#.#....... ######### #.##
#.#.......


You could see Dowan.

Vanquished Creatures
  A steam dragon (D:6)
  Menkaure (D:6)
  An ice beast (D:6)
  A black bear (D:3)
  A phantom (D:5)
  A scorpion (D:6)
  Blork the orc (D:4)
  A jelly (D:6)
  A crimson imp (D:5)
  2 orc priests (D:6)
  A hound (D:6)
  A sleepcap (D:6)
  2 iguanas (D:6)
  2 orc wizards
  8 adders
  2 white imps
  An ufetubus (D:5)
  3 worms
  4 dart slugs
  19 orcs
  7 endoplasms
  3 giant cockroaches
  8 goblins
  7 hobgoblins
  6 jackals
  4 quokkas
  4 ball pythons
  3 bats
  A frilled lizard (D:3)
  7 kobolds
  8 rats
112 creatures vanquished.

Vanquished Creatures (others)
  A water moccasin (D:6)
1 creature vanquished.

Grand Total: 113 creatures vanquished

Notes
Turn   | Place    | Note
-------+----------+-------------------------------------------
     0 | D:1      | Kurtz the Tengu Fighter began the quest for the Orb.
     0 | D:1      | Reached XP level 1. HP: 14/14 MP: 2/2
    39 | D:1      | Reached XP level 2. HP: 19/19 MP: 3/3
   261 | D:1      | Reached skill level 3 in Axes
   264 | D:1      | Reached XP level 3. HP: 23/23 MP: 4/4
   791 | D:2      | Reached XP level 4. HP: 28/28 MP: 5/5
   934 | D:2      | Reached skill level 4 in Axes
  1451 | D:3      | Reached skill level 5 in Axes
  1451 | D:3      | Gained mutation: Your magical nature lets you fly swiftly
                  | and evasively. [Tengu growth]
  1451 | D:3      | Reached XP level 5. HP: 26/32 MP: 6/6
  1506 | D:3      | Found Ytaydgh's General Store.
  1517 | D:3      | Bought a scroll of teleportation for 33 gold pieces
  1517 | D:3      | Bought a scroll of amnesia for 44 gold pieces
  1797 | D:3      | Noticed a black bear
  1801 | D:3      | Killed a black bear
  1802 | D:3      | Reached skill level 6 in Axes
  1802 | D:3      | Reached XP level 6. HP: 35/37 MP: 7/7
  2133 | D:4      | Found a staircase to the Ecumenical Temple.
  2143 | Temple   | Entered the Ecumenical Temple
  2319 | Temple   | Became a worshipper of Uskayaw the Reveller
  2426 | D:4      | Reached * piety under Uskayaw
  2473 | D:4      | Reached ** piety under Uskayaw
  2504 | D:4      | Noticed Blork the orc
  2512 | D:4      | Killed Blork the orc
  2675 | D:4      | Found a large runed translucent door.
  2676 | D:4      | Found a large runed translucent door.
  2706 | D:4      | Found Qenonnil's Antique Weapon Boutique.
  2760 | D:4      | Found Jian's Distillery.
  2766 | D:4      | Found an iron altar of Okawaru.
  2768 | D:4      | Bought a potion of curing for 42 gold pieces
  2768 | D:4      | Bought a potion of degeneration for 14 gold pieces
  2879 | D:4      | Found a basalt altar of Yredelemnul.
  3263 | D:4      | Found an ancient bone altar of Kikubaaqudgha.
  3270 | D:4      | Found a glowing golden altar of the Shining One.
  3316 | D:5      | Entered Level 5 of the Dungeon
  3372 | D:5      | Reached skill level 7 in Axes
  3372 | D:5      | Reached XP level 7. HP: 37/41 MP: 8/8
  4136 | D:6      | Reached *** piety under Uskayaw
  4139 | D:6      | Reached **** piety under Uskayaw
  4205 | D:6      | Reached skill level 8 in Axes
  4256 | D:6      | Found a sacrificial altar of Ru.
  4361 | D:6      | Reached XP level 8. HP: 8/46 MP: 5/9
  4366 | D:6      | Reached skill level 5 in Armour
  4447 | D:6      | Noticed Menkaure
  4528 | D:6      | Killed Menkaure
  4849 | D:6      | Reached skill level 9 in Axes
  4849 | D:6      | Reached skill level 1 in Invocations
  4916 | D:6      | HP: 2/46 [acid (7)]
  4930 | D:6      | Noticed Dowan
  4931 | D:6      | Noticed Duvessa
  4932 | D:6      | Killed from afar by Dowan

Illustrated notes

Levels and vault maps discovered:
D:1:      nzn_arrival_water_spiral, layout_rooms
D:2:      layout_basic
D:3:      kb_forest_paths, layout_basic, serial_shops, shop, fountainhead
D:4:      layout_loops_ring, jmf_multi_god_temple2,
          nicolae_overflow_crystal_walls, okawaru_trees_1,
          minmay_temple_entry_offerings, serial_shops, nicolae_stop_n_shop_1,
          shop, minivault_5, hex_medium, kennysheep_generic_room_8,
          uniq_blork_the_orc
D:5:      layout_loops_ring, minmay_fire_ice_demons
D:6:      minmay_bubble_buster, layout_basic, nemelex_diamond_rough_becter,
          nicolae_ru_awakened_eye, uniq_duvessa, uniq_maggie, uniq_menkaure
Temple:   nicolae_temple_bog_church

Skill      XL: |  1  2  3  4  5  6  7  8 |
---------------+-------------------------+-----
Axes           | 3 5 6 7 8 9 |  9.3
Armour         | 4 5 |  5.6
Shields        | 4 |  4.1
Invocations    | 1 |  1.2
Fighting       | |  3.0

Action                     |  1- 3 |  4- 6 |  7- 9 || total
---------------------------+-------+-------+-------++-------
  Melee: War axe           |    64 |   132 |    96 ||   292
         Kick              |    11 |    28 |    29 ||    68
         Peck              |    13 |    21 |     9 ||    43
 Invoke: Stomp             |       |     1 |     4 ||     5
  Evoke: Wand              |       |       |     5 ||     5
    Use: Potion            |       |     3 |     3 ||     6
   Stab: Paralysed         |       |       |     2 ||     2
 Armour: Scale mail        |    34 |    52 |    34 ||   120
  Dodge: Dodged            |    20 |    49 |    38 ||   107
  Block: Buckler           |    15 |    21 |    22 ||    58
